AoeStats
← Le Tatar Kirghize

Arabia

507530982Analyzed
2v2 RM · 13d ago on Sep 18, 2026· 25m 52s· 4 players
Game mode
Random Map
Map size
Medium (4 player)
Population
200
Speed
Normal
Resources
Standard
Victory
Conquest
Starting age
Dark Age
Ending age
Imperial Age
RankedLock teamsTeams togetherTeam positionsShared explorationLock speedFull tech treeHidden civsTurbo modeCheats
Victory
Defeat
🇮🇳 Portuguese · India
1212
+16
🇺🇸 Wei · United States
1177
+17
🇹🇷 Berbers · Türkiye
1206
-17
🇫🇷 Koreans · France
1199
-16
Tempus Fugit
6:48 Loom
10:03 Feudal Age
12:52 Fletching
17:39 Padded Archer Armor
18:49 Wheelbarrow
23:53 Castle Age
23:12 Bloodlines
23:12 Scale Barding Armor
23:20 Forging
WaaLlela ShewaaLa
7:26 Loom
9:56 Feudal Age
10:35 Double-Bit Axe
20:05 Fletching
22:45 Castle Age
22:21 Padded Archer Armor
22:40 Gold Mining
22:42 Stone Mining
23:35 Bloodlines
Le Tatar Kirghize
6:25 Loom
9:30 Feudal Age
10:08 Double-Bit Axe
12:32 Fletching
20:27 Castle Age
19:48 Gold Mining
19:40 Horse Collar
21:09 Bodkin Arrow
23:23 Ballistics
23:10 Heavy Plow
23:06 Stone Mining
adnanca
5:08 Loom
5:38 Loom
6:40 Loom
10:48 Feudal Age
15:09 Castle Age
14:24 Double-Bit Axe
24:23 Gold Mining
Connection lost

Rejoining the realm…

Still unreachable

The connection could not be restored.

Session expired

The server has moved on; the page needs a fresh start.